 Dungeon Crawl Stone Soup version 0.27-a0-1149-g4505690ab0 (webtiles) character file.

Game seed: 9920201902232341764

39 HoaS the Chopper (level 3, -2/23 HPs)
             Began as a Tengu Berserker on May 13, 2021.
             Was a Believer of Trog.
             Slain by a wyvern zombie (11 damage)
             ... on level 2 of the Dungeon.
             The game lasted 00:02:20 (751 turns).

HoaS the Chopper (Tengu Berserker)                   Turns: 751, Time: 00:02:21

Health: -2/23      AC:  5    Str: 18    XL:     3   Next: 47%
Magic:  4/4        EV: 12    Int:  7    God:    Trog [**....]
Gold:   74         SH:  0    Dex: 13    Spells: 2/2 levels left

rFire    . . .     SeeInvis .   a - +0 hand axe
rCold    . . .     Faith    .   (no shield)
rNeg     . . .     Spirit   .   f - +2 leather armour {rPois}
rPois    +         Reflect  .   (helmet restricted)
rElec    .         Harm     .   (no cloak)
rCorr    .         Rampage  .   (no gloves)
Will     .....                  (boots unavailable)
Stlth    +.........             b - amulet of regeneration
HPRegen  1.07/turn              (no ring)
MPRegen  0.09/turn              (no ring)

@: no status effects
A: beak, talons 3
a: Renounce Religion, Berserk, Trog's Hand


You were on level 2 of the Dungeon.
You worshipped Trog.
Trog was pleased with you.
You visited 1 branch of the dungeon, and saw 2 of its levels.

You collected 74 gold pieces.

Inventory:

Hand Weapons
 a - a +0 hand axe (weapon)
Armour
 f - a +2 leather armour of poison resistance (worn)
Jewellery
 b - an amulet of regeneration (around neck)
Scrolls
 c - a scroll of fog {unknown}
Potions
 d - a potion of haste {unknown}
 e - 2 potions of brilliance {unknown}


   Skills:
 - Level 3.0 Fighting
 + Level 4.9 Axes
 - Level 2.1 Armour
 - Level 2.1 Dodging


You had 2 spell levels left.
You didn't know any spells.
Your spell library was empty.

Dungeon Overview and Level Annotations

Branches:
Dungeon (2/15)

Altars:
Elyvilon


Innate Abilities, Weirdness & Mutations

You have a beak for a mouth.
You have claws for feet.


Message History

The gnoll shouts!
You hear a shout! x2
The wyvern zombie bites you!
Ouch! That really hurt!
A gnoll comes into view. It is wielding a +0 halberd.
You are too injured to fight recklessly!
You are too injured to fight recklessly!
You are too injured to fight recklessly!
The wyvern zombie misses you. The wyvern zombie barely misses you.
There is a stone staircase leading up here.
The wyvern zombie bites you.
You climb upwards.
There is a stone staircase leading down here.
You start resting.
HP restored.
You climb downwards.
The wyvern zombie barely misses you.
The wyvern zombie bites you but does no damage.
There is a stone staircase leading up here.
The wyvern zombie bites you!
Ouch! That really hurt!
The gnoll closely misses you.
You climb upwards.
There is a stone staircase leading down here.
You start resting.
HP restored.
You climb downwards.
The wyvern zombie barely misses you. The wyvern zombie bites you!
Ouch! That really hurt!
There is a stone staircase leading up here.
The wyvern zombie barely misses you. x2
You climb upwards.
There is a stone staircase leading down here.
You start resting.
HP restored.
You climb downwards.
The gnoll hits you from afar with a +0 halberd.
The wyvern zombie closely misses you. The gnoll barely misses you.
There is a stone staircase leading up here.
The wyvern zombie bites you! x2
You die...

#.#.#....#...
#.#.#.)..#..#######.#
#.#.+....+...........
#.#.#....#....##.....
#.#......#..........# g
#.#..###.#.#...#.##.# ..
#.#..# #†#†......##.# ...
###.#..###..........#.# ....
#...#.......)...@.g...# .....
#.###............Z....#.<....
#................)...........
################.#......##...
#......_...# #+###......#
........... ..####....#. ...
####.# #


You could see a gnoll and a wyvern zombie.

Vanquished Creatures
  A worm (D:2)
  3 dart slugs (D:1)
  5 bats
  An endoplasm (D:1)
  A giant cockroach (D:1)
  3 goblins
  2 hobgoblins (D:1)
  A quokka (D:1)
  3 ball pythons (D:1)
  A frilled lizard (D:1)
  4 kobolds
  4 rats (D:1)
29 creatures vanquished.

Notes
Turn   | Place    | Note
-------+----------+-------------------------------------------
     0 | D:1      | HoaS the Tengu Berserker began the quest for the Orb.
     0 | D:1      | Reached XP level 1. HP: 14/14 MP: 2/2
   116 | D:1      | Found a faded altar of an unknown god.
   181 | D:1      | Reached XP level 2. HP: 19/19 MP: 3/3
   189 | D:1      | Reached skill level 4 in Axes
   349 | D:1      | Reached XP level 3. HP: 19/23 MP: 4/4
   634 | D:2      | Found a white marble altar of Elyvilon.
   647 | D:2      | Reached ** piety under Trog
   751 | D:2      | Slain by a wyvern zombie

Illustrated notes

Levels and vault maps discovered:
D:1:      ebering_trefoil_twist, layout_basic, ebering_ecumenical_altar_ruins
D:2:      layout_basic, basic_altar

Skill      XL: |  1  2 |
---------------+-------+-----
Axes           | 4 |  4.9
Fighting       | |  3.0
Armour         | |  2.1
Dodging        | |  2.1

Action                   || total
-------------------------++-------
Melee: Hand axe          ||    58
       Kick              ||    17
       Peck              ||     8
Armor: Ring mail         ||    19
       Leather armour    ||     2
Dodge: Dodged            ||    31

Table legend: (Time is in decaauts)
 A = Elapsed time spent in this place.
 B = Non-inter-level travel time spent in this place.
 C = Inter-level travel time spent in this place.
 D = Time resting spent in this place.
 E = Time spent auto-exploring this place.
 F = Levels seen in this place.
 G = Mean time per level.
                   A        B        C        D        E       F      G
               +--------+--------+--------+--------+--------+-----+--------+
         Total |    758 |    755 |      3 |     85 |    450 |   2 |  379.0 |
       Dungeon |    758 |    755 |      3 |     85 |    450 |   2 |  379.0 |
               +--------+--------+--------+--------+--------+-----+--------+

Top non-repeatable levels by time:
     D:1: 678 daAuts
     D:2: 80 daAuts
